 Dungeon Crawl Stone Soup version 0.21.0-3-g78d12a8 (webtiles) character file.

184 EphemeralWolf the Sneak (level 5, 0/35 HPs)
             Began as an Octopode Assassin on Jan 10, 2018.
             Was an Initiate of Makhleb.
             Slain by Jynri's ghost (11 damage)
             ... on level 3 of the Dungeon.
             The game lasted 00:31:36 (2861 turns).

EphemeralWolf the Sneak (Octopode Assassin)         Turns: 2861, Time: 00:31:37

Health: 0/35       AC:  1    Str: 12    XL:     5   Next: 63%
Magic:  5/5        EV: 14    Int: 13    God:    Makhleb [......]
Gold:   127        SH:  0    Dex: 19    Spells: 4/4 levels left

rFire    + . .     SeeInvis .   a - +2 dagger
rCold    x . .     Gourm    .   (no shield)
rNeg     . . .     Faith    .   (helmet restricted)
rPois    .         Spirit   .   (no amulet)
rElec    .         Reflect  .   m - +4 ring of dexterity
rCorr    .         Harm     .   F - +2 ring of dexterity
MR       .....                  T - ring of fire
Stlth    +++++.....             (no ring)
HPRegen  0.11/turn              (no ring)
MPRegen  0.09/turn              (no ring)
                                (no ring)
                                (no ring)

@: no status effects
A: almost no armour, stealthy swim, amphibious, 8 rings, constrict 8, camouflage
1, gelatinous body 1
a: Renounce Religion


You were on level 3 of the Dungeon.
You worshipped Makhleb.
Makhleb was noncommittal.
You were not hungry.

You visited 1 branch of the dungeon, and saw 3 of its levels.

You collected 127 gold pieces.

Inventory:

Hand Weapons
 a - a +2 dagger (weapon)
 b - a +0 blowgun
 e - a +0 dagger
 k - a +0 short sword
 p - a +0 dagger
 q - a +0 dagger
 v - a +0 dagger
 x - a +0 dagger
 K - a +0 club
 P - a +0 blowgun
 Q - a +0 flail
 V - a +0 dagger
Missiles
 c - 27 poisoned needles
 d - 2 curare-tipped needles
 h - 73 stones (quivered)
 j - 54 arrows
 l - 21 bolts
 H - 3 large rocks
 L - 37 sling bullets
Armour
 i - a cursed +0 ring mail
 s - a +0 chain mail
 t - a +0 ring mail
 u - a +0 helmet
 w - a +0 chain mail
 y - a +0 ring mail
 B - a +0 ring mail
 G - a +0 robe
 J - a +0 robe
 M - a cursed +0 helmet
 R - a +0 chain mail
 S - a +1 ring mail of poison resistance
 W - a +0 leather armour
Jewellery
 m - a +4 ring of dexterity (left tentacle)
 F - a +2 ring of dexterity (right tentacle)
 T - a ring of fire (on tentacle)
Wands
 n - a wand of polymorph (20)
 U - a wand of flame (25)
Scrolls
 g - 3 scrolls of remove curse
 o - a scroll of noise {unknown}
 E - 2 scrolls of identify
 O - a scroll of amnesia {unknown}
Potions
 r - a potion of agility {unknown}
 z - a potion of haste {unknown}
 A - a potion of degeneration {unknown}
 C - 2 potions of heal wounds {unknown}
 I - a potion of might {unknown}
 N - 2 potions of lignification {unknown}
Comestibles
 f - 9 rations
 D - 3 chunks of flesh


   Skills:
 * Level 2.7 Fighting
 * Level 3.1 Short Blades
 - Level 2.0 Throwing
 * Level 2.0 Dodging
 * Level 7.7 Stealth


You had 4 spell levels left.
You didn't know any spells.

Dungeon Overview and Level Annotations

Branches:
Dungeon (3/15)

Altars:
Makhleb
Ru
Sif Muna
Xom

Annotations:
D:3 Jynri's ghost, amateur DsGl


Innate Abilities, Weirdness & Mutations

You cannot wear most types of armour.
You are very stealthy in the water. (Stealth+)
You are amphibious.
You can wear up to eight rings at the same time.
You can use your tentacles to constrict eight enemies at once.
Your skin changes colour to match your surroundings (Stealth+).
Your rubbery body absorbs attacks. (AC +1, EV +1)


Message History

Jynri's ghost is moderately damaged.
Jynri's ghost hits you!
Evoke which item? (* to show all) (? for menu, Esc to quit)
Aiming: Throw Flame
Press: ? - help, Shift-Dir - straight line, f/p - Jynri's ghost
Aim: Jynri's ghost (moderately damaged)
The puff of flame hits Jynri's ghost.
Jynri's ghost is heavily damaged.
Jynri's ghost closely misses you.
Evoke which item? (* to show all) (? for menu, Esc to quit)
Aiming: Throw Flame
Press: ? - help, Shift-Dir - straight line, f/p - Jynri's ghost
Aim: Jynri's ghost (heavily damaged)
The puff of flame hits Jynri's ghost.
Jynri's ghost is heavily damaged.
Jynri's ghost hits you!
You hit Jynri's ghost but do no damage. You squeeze Jynri's ghost.
Jynri's ghost is severely damaged.
Jynri's ghost hits you!
You die...

.......#.# #.# #.##....
###.##.#.# #.# #.##.... #......#
######.#######'#..... ##.....#
##....................
####..##รท#
#..................... .........#
#..................... .........#
#..................... ........##
#..................... ........#
#....@................
.........#.#....W#########<......
######...#.#........# #.......
#..W#.#........# #.......
#.....#........# #.......
#.....#........# #.......
#....W#........# #.......
#...###........# #.......
+...'....#.....# #.......


You could see Jynri's ghost.

Vanquished Creatures
  Ijyb (D:3)
  Jessica (D:3)
  3 gnolls (D:2)
  3 adders
  An ooze (D:2)
  A worm (D:2)
  3 dart slugs
  3 leopard geckos
  2 orcs (D:3)
  2 giant cockroaches
  7 goblins
  3 hobgoblins (D:1)
  7 jackals
  3 ball pythons
  2 bats
  3 frilled lizards
  7 kobolds
  9 rats
61 creatures vanquished.

Notes
Turn   | Place    | Note
-------+----------+-------------------------------------------
     0 | D:1      | EphemeralWolf the Octopode Assassin began the quest for the Orb.
     0 | D:1      | Reached XP level 1. HP: 14/14 MP: 1/1
    53 | D:1      | Reached XP level 2. HP: 19/19 MP: 2/2
   310 | D:1      | Reached skill level 6 in Stealth
   385 | D:1      | Reached XP level 3. HP: 14/24 MP: 3/3
  1104 | D:2      | Found a burning altar of Makhleb.
  1104 | D:2      | Found a shimmering altar of Xom.
  1109 | D:2      | Reached XP level 4. HP: 30/30 MP: 4/4
  1127 | D:2      | Became a worshipper of Makhleb the Destroyer
  1220 | D:2      | Found a deep blue altar of Sif Muna.
  1331 | D:2      | Reached skill level 7 in Stealth
  1856 | D:2      | Found a sacrificial altar of Ru.
  1913 | D:3      | Noticed Jynri's ghost (amateur DsGl)
  2088 | D:3      | Reached XP level 5. HP: 35/35 MP: 5/5
  2496 | D:3      | Noticed Jessica
  2503 | D:3      | Killed Jessica
  2742 | D:3      | Noticed Ijyb
  2758 | D:3      | Killed Ijyb
  2861 | D:3      | Slain by Jynri's ghost

Skill      XL: |  1  2  3  4  5 |
---------------+----------------+-----
Stealth        | 6 7 |  7.7
Short Blades   | 3 |  3.1
Dodging        | 2 |  2.0
Fighting       | |  2.7
Throwing       | |  2.0

Action                   |  1- 3 |  4- 6 || total
-------------------------+-------+-------++-------
Melee: Dagger            |    64 |    65 ||   129
       Constrict         |    11 |    12 ||    23
       Tentacles         |     6 |    13 ||    19
Evoke: Wand              |       |     6 ||     6
  Use: Scroll            |       |     6 ||     6
 Stab: Sleeping          |    15 |     7 ||    22
       Distracted        |     1 |       ||     1
  Eat: Chunk             |       |     6 ||     6
Armor: Skin              |     5 |     1 ||     6
Dodge: Dodged            |    28 |    23 ||    51
